 Dungeon Crawl Stone Soup version 0.16.1-14-g82efdee (webtiles) character file.

458 KarvaRausku the Chopper (level 7, 0/52 HPs)
             Began as a Human Fighter on Apr 14, 2015.
             Slain by an orc wizard
             ... wielding a +1 dagger of venom
              (2 damage)
             ... on level 5 of the Dungeon.
             The game lasted 00:10:19 (4978 turns).

KarvaRausku the Chopper (Human Fighter)             Turns: 4978, Time: 00:10:19

Health: 0/52       AC:  7    Str: 22      XL:     7   Next: 27%
Magic:  7/7        EV:  7    Int:  4 (7)  God:
Gold:   137        SH:  9    Dex: 12      Spells: 0 memorised, 6 levels left

rFire  . . .     SeeInvis .     a - +0 war axe
rCold  . . .     Clarity  .     b - +0 scale mail
rNeg   . . .     SustAb   .     c - +0 shield
rPois  .         Gourm    .     t - +0 helmet
rElec  .         Spirit   .     (no cloak)
rCorr  .         Warding  .     (no gloves)
rMut   .         Stasis   .     (no boots)
MR     .....                    (no amulet)
Stlth  ..........               w - -2 ring of intelligence (curse)
                                v - +4 ring of strength

@: lethally poisoned (0 -> -80), very slightly contaminated, hasted, very quick,
not resistant to hostile enchantments, extremely unstealthy
A: no striking features
a: no special abilities


You were on level 5 of the Dungeon.
You were not hungry.

You visited 1 branch of the dungeon, and saw 5 of its levels.
You also visited: Sewer.

You collected 137 gold pieces.

Inventory:

Hand weapons
 a - a +0 war axe (weapon)
 x - a +2 whip of venom
Armour
 b - a +0 scale mail (worn)
 c - a +0 shield (worn)
 t - a +0 helmet (worn)
Jewellery
 v - a +4 ring of strength (left hand)
 w - a cursed -2 ring of intelligence (right hand)
Scrolls
 f - a scroll of recharging {unknown}
 h - 9 scrolls of identify {unknown}
 i - 3 scrolls of remove curse {unknown}
 l - a scroll of noise {unknown}
 q - a scroll of fear {unknown}
 r - a scroll of enchant weapon {unknown}
 y - a scroll of immolation {unknown}
 B - a scroll of enchant armour {unknown}
 C - 2 scrolls of teleportation {unknown}
Potions
 e - a potion of might
 k - a potion of flight {unknown}
 u - 3 potions of brilliance
 A - 2 potions of agility {unknown}
Comestibles
 d - 2 bread rations
 g - a chunk of flesh
 m - 2 beef jerkies
 n - a meat ration


   Skills:
 - Level 3.0 Fighting
 + Level 7.4 Axes
 - Level 3.0 Armour
 - Level 3.0 Shields


You had 6 spell levels left.
You didn't know any spells.

Dungeon Overview and Level Annotations

Branches:
Dungeon (5/15)
 Temple: D:4-7

Altars:
Makhleb
Nemelex Xobeh
Sif Muna
Xom
Zin

Annotations:
D:4 Blork the orc


Message History

You miss something.
You feel very sick. Something hits you but does no damage. Something hits you.
You are more poisoned.
You hit something.
* * * LOW HITPOINT WARNING * * *
You feel very sick. Something hits you but does no damage.
You are more poisoned.
You miss something.
* * * LOW HITPOINT WARNING * * *
You feel very sick. Something hits you.
* * * LOW HITPOINT WARNING * * *
You are more poisoned.
You closely miss something.
* * * LOW HITPOINT WARNING * * *
You feel very sick. Something hits you.
You die...

. ##.
#..
#.#
#.#
#.#
#.#
#<#
#@#
#....#
#.+###
#.#
#.#
..#
###


There were no monsters in sight!

Vanquished Creatures
  A scorpion (D:4)
  A giant frog skeleton (D:4)
  An iguana (D:3)
  A worker ant (D:3)
  An orc wizard (D:4)
  Ijyb (D:2)
  Terence (D:2)
  Robin (D:2)
  10 adders
  5 river rats (Sewer)
  3 worms
  9 orcs
  5 bats
  6 giant cockroaches
  13 goblins
  8 hobgoblins
  3 quokkas
  3 ball pythons
  9 giant newts
  22 kobolds
  24 rats
128 creatures vanquished.

Notes
Turn   | Place    | Note
--------------------------------------------------------------
     0 | D:1      | KarvaRausku, the Human Fighter, began the quest for the Orb.
     0 | D:1      | Reached XP level 1. HP: 18/18 MP: 1/1
   327 | D:1      | Reached XP level 2. HP: 22/24 MP: 2/2
   727 | D:2      | Noticed Ijyb
   748 | D:2      | Killed Ijyb
   748 | D:2      | Reached XP level 3. HP: 18/29 MP: 3/3
   770 | D:2      | Noticed Terence
   784 | D:2      | Killed Terence
   995 | D:2      | Reached skill level 4 in Axes
   995 | D:2      | Reached XP level 4. HP: 13/35 MP: 4/4
  1340 | D:2      | Noticed Robin
  1357 | D:2      | Killed Robin
  1905 | D:2      | Reached XP level 5. HP: 25/41 MP: 5/5
  2133 | D:3      | Reached skill level 5 in Axes
  2298 | D:3      | Found a glowing drain.
  2322 | Sewer    | Entered a sewer
  2657 | Sewer    | Reached XP level 6. HP: 26/47 MP: 6/6
  3164 | Sewer    | Reached skill level 6 in Axes
  4145 | D:3      | Found a deep blue altar of Sif Muna.
  4148 | D:3      | Found a glowing silver altar of Zin.
  4161 | D:3      | Found a shimmering altar of Xom.
  4171 | D:3      | Found a burning altar of Makhleb.
  4354 | D:4      | Noticed Blork the orc
  4368 | D:4      | HP: 2/47 [Blork the orc/halberd (6)]
  4799 | D:4      | Found a sparkling altar of Nemelex Xobeh.
  4823 | D:4      | Reached skill level 7 in Axes
  4823 | D:4      | Reached XP level 7. HP: 52/52 MP: 7/7
  4969 | D:5      | Entered Level 5 of the Dungeon
  4972 | D:5      | HP: 1/52 [poisoned by an orc wizard]
  4978 | D:5      | HP: 2/52 [poisoned by an orc wizard]
  4978 | D:5      | Slain by an orc wizard

Action                   |  1- 3 |  4- 6 |  7- 9 || total
-------------------------+-------+-------+-------++-------
Melee: War axe           |    80 |   310 |    48 ||   438
  Use: Potion            |       |     4 |     5 ||     9
       Scroll            |       |     1 |       ||     1
  Eat: Chunk             |       |    10 |     1 ||    11
       Pizza             |       |     2 |       ||     2
